cohdb
Replays
Latest Replays
All Replays
Popular Replays
Top Player Replays
Match Explorer
How It Works
Community
CoH3 Stats
Reddit
Sign in to upload your games and track your stats! →
Sign in with Steam
Match 47482258
Unlisted
Match 47482258
Overview
Messages
Build Orders
End
Kradschützen Motorcycle Team
Panzergrenadier Squad
Selects Italian Infantry
Selects Italian Infantry
Panzerpioneer Squad
Panzerpioneer Squad
Construct Light Support Kompanie
Selects Defensive Operations
Panzerjäger Squad
Fire Support Elements
Selects Prepared Positions
Pak 38 Mechanized Group
Construct Mechanized Kompanie
Flakvierling Half-track
1219835352
Unsafe
891064kan
xKOZIx
Kraiter
Makaan
0
0
Comments
sign in to comment!
No comments posted yet!